 Dungeon Crawl Stone Soup version 0.21-a0-440-g28109cb (webtiles) character file.

913 sagitran the Ducker (level 7, -3/52 HPs)
             Began as a Spriggan Warper on Nov 11, 2017.
             Was a Follower of Wu Jian.
             Slain by a wraith (5 damage)
             ... in an ossuary.
             The game lasted 00:37:20 (8067 turns).

sagitran the Ducker (Spriggan Warper)               Turns: 8067, Time: 00:37:21

Health: -3/52      AC:  9    Str: 13    XL:     7   Next: 82%
Magic:  14/14      EV: 23    Int: 21    God:    Wu Jian [*.....]
Gold:   209        SH:  0    Dex: 15    Spells: 4/14 levels left

rFire    . . .     SeeInvis +   g - +1 dagger (flame)
rCold    . . .     Gourm    .   (shield restricted)
rNeg     . . .     Faith    .   b - +0 robe
rPois    .         Spirit   .   (helmet restricted)
rElec    .         Reflect  .   (no cloak)
rCorr    .         Harm     .   (gloves unavailable)
MR       +....                  (boots unavailable)
Stlth    ..........             (no amulet)
HPRegen  0.17/turn              h - +3 ring of protection
MPRegen  0.14/turn              i - +4 ring of protection

@: brilliant, berserking, shrouded, slowed, drained, very quick
A: unfitting armour, see invisible, herbivore 3, speed 3, slow metabolism 2,
wild magic 1, evolution 1
a: Renounce Religion


You were in an ossuary.
You worshipped Wu Jian.
Wu Jian was aware of your devotion.
You were full.

You visited 2 branches of the dungeon, and saw 6 of its levels.
You also visited: Ossuary.

You collected 209 gold pieces.

Inventory:

Hand Weapons
 a - a +0 short sword
 g - a +1 dagger of flaming (weapon)
Missiles
 e - 2 silver tomahawks (quivered)
 j - 2 tomahawks
Armour
 b - a +0 robe (worn)
Jewellery
 h - a +3 ring of protection (left hand)
 i - a +4 ring of protection (right hand)
 p - a +3 ring of intelligence
 s - an uncursed amulet of guardian spirit
Scrolls
 k - a scroll of fear {unknown}
 l - a scroll of amnesia {unknown}
 m - 2 scrolls of remove curse {unknown}
 n - 2 scrolls of magic mapping {unknown}
 o - 2 scrolls of immolation {unknown}
 q - 2 scrolls of enchant armour {unknown}
 r - a scroll of random uselessness {unknown}
 t - 3 scrolls of teleportation {unknown}
 x - a scroll of silence {unknown}
Potions
 d - 2 potions of magic
 v - 2 potions of flight
 z - a potion of berserk rage
Books
 c - a book of Spatial Translocations

   Spells                             Type                      Level
   a - Blink                          Translocation                2
   b - Shroud of Golubria             Charms/Translocation         2
   c - Lesser Beckoning               Translocation                3
   d - Gell's Gravitas                Translocation                3
   e - Teleport Other                 Translocation                3
   f - Passage of Golubria            Translocation                4
Comestibles
 f - 2 bread rations


   Skills:
 + Level 2.6(2.4) Fighting
 + Level 6.1(5.9) Short Blades
 + Level 1.2(1.1) Throwing
 + Level 7.8(7.6) Dodging
 + Level 3.4(3.3) Stealth
 + Level 4.4(4.3) Spellcasting
 + Level 5.6(5.4) Translocations


You had 4 spell levels left.
You knew the following spells:

 Your Spells              Type           Power        Failure   Level  Hunger
a - Blink                 Tloc           N/A          1%          2    #......
b - Shroud of Golubria    Chrm/Tloc      #####.....   1%          2    #......
c - Gell's Gravitas       Tloc           ######....   1%          3    ##.....
d - Teleport Other        Tloc           ######..     1%          3    ##.....


Dungeon Overview and Level Annotations

Branches:
Dungeon (5/15)             Temple (1/1) D:4

Altars:
Ashenzari
Cheibriados
Dithmenos
Elyvilon
Fedhas
Gozag
Hepliaklqana
Kikubaaqudgha
Makhleb
Nemelex Xobeh
Okawaru
Qazlal
Ru
Sif Muna
Trog
Uskayaw
Vehumet
Wu Jian
Xom
Yredelemnul
Zin
The Shining One

Shops:
D:4 ?

Annotations:
D:4 Blork the orc


Innate Abilities, Weirdness & Mutations

You are very small and have problems with some larger weapons.
You are too small for most types of armour.
You have supernaturally acute eyesight. (SInv)
You are a herbivore.
You cover ground extremely quickly.
You need consume almost no food.
Your spells are a little harder to cast, but a little more powerful.
You evolve.


Message History

The wraith misses you.
You barely miss the wraith.
The wraith is severely damaged.
The wraith closely misses you.
You closely miss the wraith.
The wraith is severely damaged.
The wraith closely misses you.
It was a potion of brilliance.
You feel clever all of a sudden. The wraith barely misses you.
The wraith hits you!
* * * LOW HITPOINT WARNING * * *
You closely miss the wraith.
The wraith is severely damaged.
The wraith barely misses you.
A red film seems to cover your vision as you go berserk!
You feel yourself moving faster!
You feel mighty! The wraith barely misses you.
You hit the wraith. You burn the wraith.
The wraith is almost destroyed.
The wraith hits you.
You die...

...#.'...8...'.#...+
#..####.....####..###
^......^.............
........#.#.........
#.......#'#.......##
....8...#.#...8....+ .#
#.......###.......####..#
.^......................#
^..#.#..#.#..#.#@.......#
#..#'#..#'#..#'#.W####..
...#.#..#.#..#.#...'?#
#..###..###..###..####..#
.........^..............#
....^...................#
#########################


You could see a wraith.

Vanquished Creatures
  Eustachio (D:4)
  An ogre (D:4)
  2 elf zombies (Ossuary)
  A hound (D:2)
  A human zombie (Ossuary)
  4 orc wizards
  Natasha (thrice) (D:4)
  2 worker ants (D:4)
  A big kobold zombie (Ossuary)
  2 mummies (Ossuary)
  2 hound skeletons (D:4)
  3 gnolls
  6 adders
  An ooze (D:3)
  2 worms
  2 dart slugs
  A leopard gecko (D:3)
  12 orcs
  2 giant cockroaches
  A gnoll zombie (Ossuary)
  11 goblins
  8 hobgoblins
  2 jackals (D:1)
  3 quokkas
  4 ball pythons
  6 bats
  2 frilled lizards
  3 goblin zombies (Ossuary)
  7 kobolds
  4 kobold zombies (Ossuary)
  15 rats
115 creatures vanquished.

Vanquished Creatures (others)
  A goblin zombie (Ossuary)
1 creature vanquished.

Grand Total: 116 creatures vanquished

Notes
Turn   | Place    | Note
-------+----------+-------------------------------------------
     0 | D:1      | sagitran the Spriggan Warper began the quest for the Orb.
     0 | D:1      | Reached XP level 1. HP: 10/10 MP: 5/5
   261 | D:1      | Reached XP level 2. HP: 15/15 MP: 7/7
   288 | D:1      | Learned a level 2 spell: Blink
   291 | D:1      | Learned a level 2 spell: Shroud of Golubria
  1077 | D:1      | Reached XP level 3. HP: 14/18 MP: 8/8
  1187 | D:2      | Found an opulent altar of Gozag.
  1245 | D:2      | Learned a level 3 spell: Gell's Gravitas
  1275 | D:2      | Reached skill level 1 in Stealth
  1625 | D:2      | Found a faded altar of an unknown god.
  1795 | D:2      | Reached skill level 4 in Dodging
  1904 | D:2      | Reached XP level 4. HP: 23/23 MP: 9/9
  2447 | D:2      | Reached XP level 5. HP: 18/26 MP: 8/11
  2553 | D:2      | Learned a level 3 spell: Teleport Other
  3293 | D:2      | HP: 1/26 [gnoll/quarterstaff (11)]
  3299 | D:2      | Gained mutation: You can translocate small distances at will. [potion of mutation]
  3299 | D:2      | Gained mutation: Your muscles are strong. (Str +2) [potion of mutation]
  3816 | D:3      | Reached skill level 5 in Dodging
  3952 | D:4      | Noticed an ogre
  3992 | D:4      | Noticed Natasha
  3992 | D:4      | Noticed Eustachio
  4474 | D:3      | Reached XP level 6. HP: 28/30 MP: 12/12
  4678 | D:4      | Found a staircase to the Ecumenical Temple.
  4693 | Temple   | Entered the Ecumenical Temple
  4821 | Temple   | Became a worshipper of the Wu Jian Council
  5933 | D:4      | Killed Eustachio
  5933 | D:4      | Reached skill level 6 in Dodging
  5933 | D:4      | Reached skill level 5 in Translocations
  6173 | D:4      | Found Jule's Magic Scroll Emporium.
  6436 | D:4      | Reached XP level 7. HP: 24/35 MP: 14/14
  6500 | D:4      | Noticed Blork the orc
  6806 | D:4      | Killed Natasha
  6931 | D:4      | Noticed Natasha
  6942 | D:4      | Killed Natasha
  7153 | D:4      | Reached skill level 5 in Short Blades
  7153 | D:4      | Reached skill level 7 in Dodging
  7230 | D:4      | Noticed Natasha
  7242 | D:4      | Killed Natasha
  7338 | D:5      | Entered Level 5 of the Dungeon
  7338 | D:5      | Found a sand-covered staircase.
  7391 | Ossuary  | Entered an ossuary
  7391 | Ossuary  | Noticed a wraith
  7391 | Ossuary  | Noticed a wraith
  7391 | Ossuary  | Noticed a wraith
  7721 | Ossuary  | Reached * piety under Wu Jian
  7730 | Ossuary  | Lost mutation: You can translocate small distances at will. [potion of mutation]
  7730 | Ossuary  | Lost mutation: Your muscles are strong. (Str +2) [potion of mutation]
  7730 | Ossuary  | Gained mutation: Your spells are a little harder to cast, but a little more powerful. [potion of mutation]
  7730 | Ossuary  | Gained mutation: You evolve. [potion of mutation]
  8019 | Ossuary  | Noticed a wraith
  8063 | Ossuary  | HP: 1/35 [wraith (8)]
  8067 | Ossuary  | Slain by a wraith

Vault maps used:
D:1:      evilmike_arrival_run_for_it
D:2:      chequers_ecumenical_altar_island, nicolae_gozag_seed_capital
D:4:      minmay_temple_entry_large_hall, first_bread, serial_shops, shop,
          minmay_misc_feat_cross, uniq_natasha, uniq_eustachio,
          uniq_blork_the_orc
D:5:      nicolae_ossuary_entry_monument, serial_shops, shop, uniq_grinder,
          uniq_edmund
Temple:   kilobyte_greek_temple
Ossuary:  ossuary_kennysheep_city_of_the_dead

Skill      XL: |  1  2  3  4  5  6  7 |
---------------+----------------------+-----
Spellcasting   | 3 4 |  4.4
Stealth        | 1 2 3 |  3.4
Short Blades   | 3 4 6 |  6.1
Dodging        | 4 5 6 7 |  7.8
Fighting       | 2 |  2.6
Translocations | 5 |  5.6
Throwing       | |  1.2

Action                   |  1- 3 |  4- 6 |  7- 9 || total
-------------------------+-------+-------+-------++-------
Melee: Short sword       |   189 |       |       ||   189
       Dagger            |     7 |   423 |   278 ||   708
Throw: Tomahawk          |     2 |     3 |       ||     5
 Cast: Blink             |     2 |     3 |     3 ||     8
       Gell's Gravitas   |     1 |     9 |       ||    10
       Shroud of Golubri |       |     1 |     1 ||     2
  Use: Scroll            |     2 |     3 |     1 ||     6
       Potion            |     1 |     4 |     4 ||     9
 Stab: Sleeping          |     9 |     1 |     2 ||    12
  Eat: Bread ration      |       |     1 |     1 ||     2
Armor: Robe              |    31 |   125 |    25 ||   181
Dodge: Dodged            |   167 |   565 |   202 ||   934

Table legend:
 A = Spawn XP
 B = Non-spawn XP
 C = Spawn XP percentage of total XP
 D = Spawn monster count
 E = Non-spawn monster count
 F = Spawn count percentage of total count
 G = Total turns spent on level
                    A         B        C        D         E        F      G
               +---------+---------+-------+---------+---------+-------+---------
         Total |       0 |    1305 |   0.0 |       0 |     115 |   0.0 |  8067
               +---------+---------+-------+---------+---------+-------+---------
           D:1 |       0 |      58 |   0.0 |       0 |      25 |   0.0 |  1434
           D:2 |       0 |     216 |   0.0 |       0 |      38 |   0.0 |  1853
           D:3 |       0 |     120 |   0.0 |       0 |      18 |   0.0 |  1835
           D:4 |       0 |     593 |   0.0 |       0 |      16 |   0.0 |  2070
           D:5 |       0 |      10 |   0.0 |       0 |       4 |   0.0 |    36
       Ossuary |       0 |     308 |   0.0 |       0 |      14 |   0.0 |   676
               +---------+---------+-------+---------+---------+-------+---------
